 Dungeon Crawl Stone Soup version 0.21-a0-344-g2144152 (webtiles) character file.

76 tidbits the Sneak (level 4, 18/18 HPs)
             Began as a Felid Venom Mage on Oct 4, 2017.
             Was a Believer of Uskayaw.
             Quit the game on level 6 of the Dungeon.
             The game lasted 00:07:26 (1104 turns).

tidbits the Sneak (Felid Venom Mage)                Turns: 1104, Time: 00:07:27

Health: 18/18      AC:  1    Str:  4    XL:     4   Next: 12%
Magic:  8/8        EV: 18    Int: 18    God:    Uskayaw [**....]
Gold:   144        SH:  0    Dex: 16    Spells: 1/7 levels left
                                        Lives:  0   Deaths: 1

rFire    . . .     SeeInvis +     - Unarmed
rCold    . . .     Gourm    .   (shield unavailable)
rNeg     . . .     Faith    .   (armour unavailable)
rPois    .         Spirit   .   (helmet unavailable)
rElec    .         Reflect  .   (cloak unavailable)
rCorr    .         Harm     .   (gloves unavailable)
MR       .....                  (boots unavailable)
Stlth    +++.......             (no amulet)
HPRegen  0.06/turn              (no ring)
MPRegen  0.11/turn              (no ring)

@: quick
A: no armour, no weapons or thrown items, stealth, claws 1, fangs 3, see
invisible, carnivore 3, speed 1, shaggy fur 1, slow metabolism 1, sharp paws
a: Stomp, Line Pass, Renounce Religion


You were on level 6 of the Dungeon.
You worshipped Uskayaw.
Uskayaw was noncommittal.
You were not hungry.

You visited 1 branch of the dungeon, and saw 6 of its levels.

You collected 144 gold pieces.

Inventory:

Scrolls
 c - 2 scrolls of remove curse {unknown}
 d - 2 scrolls of fear {unknown}
 f - a scroll of teleportation {unknown}
Potions
 e - 2 potions of heal wounds
 g - 2 potions of haste
 h - a potion of curing
Books
 a - a Young Poisoner's Handbook

   Spells                             Type                      Level
   a - Sting                          Conjuration/Poison           1
   b - Poisonous Vapours              Poison/Air                   2
   c - Mephitic Cloud                 Conjuration/Poison/Air       3
   d - Olgreb's Toxic Radiance        Poison                       4
   e - Venom Bolt                     Conjuration/Poison           5
 i - a book of Minor Magic
   (You found it on level 3 of the Dungeon)

   Spells                             Type                      Level
   a - Magic Dart                     Conjuration                  1
   b - Blink                          Translocation                2
   c - Call Imp                       Summoning                    2
   d - Slow                           Hexes                        2
   e - Conjure Flame                  Conjuration/Fire             3
   f - Mephitic Cloud                 Conjuration/Poison/Air       3
Comestibles
 b - a meat ration


   Skills:
 - Level 2.7 Dodging
 + Level 4.5 Stealth
 * Level 4.0 Unarmed Combat
 - Level 2.0 Spellcasting
 - Level 0.9 Conjurations
 - Level 2.7 Poison Magic


You had one spell level left.
You knew the following spells:

 Your Spells              Type           Power        Failure   Level  Hunger
m - Mephitic Cloud        Conj/Pois/Air  #.......     32%         3    ###....
p - Poisonous Vapours     Pois/Air       #.....       16%         2    ###....
z - Sting                 Conj/Pois      #...         9%          1    #......


Dungeon Overview and Level Annotations

Branches:
Dungeon (6/15)
 Temple: D:4-7

Altars:
Elyvilon
Kikubaaqudgha
Uskayaw
Vehumet
The Shining One


Innate Abilities, Weirdness & Mutations

You cannot wear armour.
You are incapable of wielding weapons or throwing items.
Your paws allow you to move quietly. (Stealth)
You have sharp claws.
You have razor-sharp teeth.
You have supernaturally acute eyesight. (SInv)
You are carnivorous and can eat meat at any time.
You cover ground quickly.
You are covered in fur. (AC +1)
You have a slow metabolism.
Your sharp claws are effective at attacking unaware monsters.


Message History

Aim: an ogre, wielding a giant club (heavily wounded, poisoned)
The sting hits the ogre.
The ogre looks even sicker.
The ogre is heavily wounded.
Your magical contamination has completely faded away.
The ogre shouts!
Casting: Sting
Confirm with . or Enter, or press ? or * to list all spells.
Aiming: Sting
Press: ? - help, Shift-Dir - straight line, f/p - ogre
Aim: an ogre, wielding a giant club (severely wounded, poisoned)
The sting hits the ogre.
The ogre is severely wounded.
Casting: Sting
Confirm with . or Enter, or press ? or * to list all spells.
You don't have enough magic to cast that spell.
The ogre looks more healthy.
Casting: Sting
Confirm with . or Enter, or press ? or * to list all spells.
Aiming: Sting
Press: ? - help, Shift-Dir - straight line, f/p - ogre
Aim: an ogre, wielding a giant club (almost dead)
The sting hits the ogre.
The ogre is poisoned.
The ogre is almost dead.
Your Stealth skill increases to level 4!
Your Unarmed Combat skill increases to level 4!
You have reached level 5!
You feel clever.
You feel a bit more experienced.
Unknown command.
Found 12 gold pieces.
You now have 108 gold pieces (gained 11).
Found a stone staircase leading down.
You now have 120 gold pieces (gained 12).
You can't go down here!
There is a stone staircase leading down here.
You climb downwards.
There is a stone staircase leading up here.
You open the door.
Found 2 pink potions and 15 gold pieces.
There is an open door here.
Found a scroll of identify.
e - 2 pink potions Autopickup is now off.
Found 9 gold pieces.
You see here a scroll of identify.
As you read the scroll of identify, it crumbles to dust.
e - 2 potions of heal wounds You see here 9 gold pieces.
You now have 129 gold pieces (gained 9).
Autopickup is now on.
You open the door.
There is an open door here.
You open the door.
You now have 144 gold pieces (gained 15).
Okay, then.
You open the door.
A bullfrog comes into view.
The bullfrog snags a nearby moth with its tongue.
Found a throwing net.
There is an open door here.
Casting: Sting
Confirm with . or Enter, or press ? or * to list all spells.
Aiming: Poisonous Vapours
Press: ? - help, Dir - move target cursor, f - bullfrog
Aim: a bullfrog Poisonous vapours surround the bullfrog!
You are feeling very hungry.
The bullfrog is engulfed in poison gas.
The bullfrog is poisoned.
The bullfrog completely misses you.
You closely miss the bullfrog. The bullfrog closely misses you.
The bullfrog completely misses you.
You miss the bullfrog.
The bullfrog is lightly wounded.
The bullfrog hits you.
You scratch the bullfrog.
The bullfrog is heavily wounded.
The bullfrog hits you. The bullfrog closely misses you.
You closely miss the bullfrog.
The bullfrog is heavily wounded.
The bullfrog closely misses you.
You scratch the bullfrog.
You bite the bullfrog, but do no damage.
The bullfrog is severely wounded.
The bullfrog looks more healthy.
The bullfrog hits you.
You scratch the bullfrog.
The bullfrog is severely wounded.
The bullfrog hits you!
* * * LOW HITPOINT WARNING * * *
The bullfrog barely misses you.
You can now pass through a line of other dancers.
You closely miss the bullfrog.
The bullfrog is severely wounded.
The bullfrog closely misses you.
You barely miss the bullfrog.
The bullfrog is severely wounded.
The bullfrog hits you!
You die...
You are now level 4!
You rejoin the land of the living...
Are you sure you want to abandon this character and quit the game? (Confirm with "yes".)

####
#..#
#..#
+@.#
#.##
#.#
..#
..#
#..#
#..#
#..#


There were no monsters in sight!

Vanquished Creatures
  An ogre (D:5)
  2 adders
  An ooze (D:1)
  2 worms
  A leopard gecko (D:2)
  4 giant cockroaches
  4 goblins
  3 hobgoblins
  6 jackals (D:1)
  2 ball pythons
  6 bats
  3 frilled lizards
  A giant cockroach zombie (D:5)
  4 kobolds
  3 rats (D:1)
43 creatures vanquished.

Notes
Turn   | Place    | Note
-------+----------+-------------------------------------------
     0 | D:1      | tidbits the Felid Venom Mage began the quest for the Orb.
     0 | D:1      | Reached XP level 1. HP: 7/7 MP: 4/4
    73 | D:1      | Reached skill level 1 in Unarmed Combat
   151 | D:1      | Reached XP level 2. HP: 11/11 MP: 1/6
   155 | D:1      | Learned a level 2 spell: Poisonous Vapours
   240 | D:1      | Reached skill level 2 in Unarmed Combat
   351 | D:1      | Reached skill level 3 in Stealth
   425 | D:1      | Reached XP level 3. HP: 12/14 MP: 4/7
   518 | D:2      | Found a hide-covered altar of Uskayaw.
   521 | D:2      | Found a radiant altar of Vehumet.
   524 | D:2      | Found a glowing golden altar of the Shining One.
   527 | D:2      | Found an ancient bone altar of Kikubaaqudgha.
   533 | D:2      | Became a worshipper of Uskayaw the Reveler
   587 | D:3      | Reached * piety under Uskayaw
   611 | D:3      | Learned a level 3 spell: Mephitic Cloud
   632 | D:2      | Reached ** piety under Uskayaw
   767 | D:3      | Reached skill level 3 in Unarmed Combat
   768 | D:3      | Found a white marble altar of Elyvilon.
   782 | D:3      | Reached XP level 4. HP: 10/18 MP: 2/8
   933 | D:5      | Entered Level 5 of the Dungeon
   966 | D:5      | Noticed an ogre
  1012 | D:5      | Killed an ogre
  1012 | D:5      | Reached skill level 4 in Stealth
  1012 | D:5      | Reached skill level 4 in Unarmed Combat
  1012 | D:5      | Reached XP level 5. HP: 21/21 MP: 0/9
  1103 | D:6      | Slain by a bullfrog
  1104 | D:6      | Reached XP level 4. HP: -3/18 MP: 6/8
  1104 | D:6      | Quit the game

Vault maps used:
D:1:      dpeg_arrival_line_fractal, lemuel_old_faithful
D:2:      grunt_temple_overflow_cloverleaf, lemuel_zombie_altar_yredelemnul
D:3:      grunt_gozag_breadcrumbs, elyvilon_altar_5, uniq_ijyb
D:4:      xom_teletrap_fun, uniq_natasha
D:5:      first_bread, kennysheep_generic_room_6

Skill      XL: |  1  2  3  4 |
---------------+-------------+-----
Unarmed Combat | 1 2 3 4 |  4.0
Stealth        | 3 4 |  4.5
Dodging        | |  2.7
Spellcasting   | |  2.0
Conjurations   | |  0.9
Poison Magic   | |  2.7

Action                   |  1- 3 |  4- 6 || total
-------------------------+-------+-------++-------
Melee: Unarmed           |    67 |    17 ||    84
       Bite              |     7 |     1 ||     8
       Punch             |     1 |       ||     1
 Cast: Sting             |    10 |     4 ||    14
       Poisonous Vapours |    12 |     5 ||    17
       Mephitic Cloud    |     1 |       ||     1
  Use: Scroll            |     2 |     1 ||     3
       Potion            |     1 |       ||     1
 Stab: Sleeping          |    12 |     1 ||    13
       Distracted        |     1 |       ||     1
Armor: Skin              |     9 |       ||     9
Dodge: Dodged            |    44 |    14 ||    58

Table legend:
 A = Spawn XP
 B = Non-spawn XP
 C = Spawn XP percentage of total XP
 D = Spawn monster count
 E = Non-spawn monster count
 F = Spawn count percentage of total count
 G = Total turns spent on level
                    A         B        C        D         E        F      G
               +---------+---------+-------+---------+---------+-------+---------
         Total |       0 |     219 |   0.0 |       0 |      43 |   0.0 |  1104
               +---------+---------+-------+---------+---------+-------+---------
           D:1 |       0 |      46 |   0.0 |       0 |      24 |   0.0 |   455
           D:2 |       0 |      32 |   0.0 |       0 |      11 |   0.0 |   245
           D:3 |       0 |      23 |   0.0 |       0 |       5 |   0.0 |   227
           D:5 |       0 |     118 |   0.0 |       0 |       3 |   0.0 |   108
               +---------+---------+-------+---------+---------+-------+---------

Table legend:
 A = Turns spent in this place as a percentage of turns spent in the entire game.
 B = Non-inter-level travel turns spent in this place as a percentage of non-inter-level travel turns spent in the entire game.
 C = Inter-level travel turns spent in this place as a percentage of turns spent in this place.
 D = Turns resting spent in this place as a percentage of non-inter-level travel turns spent in this place.
 E = Turns spent auto-exploring this place as a percentage of non-inter-level travel turns spent in this place.
 F = Non-inter-level travel turns spent in this place divided by the number of levels of this place that you've seen.
                   A       B       C       D       E      F
               +-------+-------+-------+-------+-------+----------------------
         Total | 100.0 | 100.0 |   0.0 |   0.0 |   0.0 | 184.0
       Dungeon | 100.0 | 100.0 |   0.0 |   0.0 |   0.0 | 184.0
               +-------+-------+-------+-------+-------+----------------------

Table legend:
 A = Kills in this place as a percentage of kills in entire the game.
 B = Kills by you in this place as a percentage of kills by you in the entire game.
 C = Kills by friends in this place as a percentage of kills by friends in the entire game.
 D = Other kills in this place as a percentage of other kills in the entire game.
 E = Experience gained in this place as a percentage of experience gained in the entire game.
 F = Experience gained in this place divided by the number of levels of this place that you have seen.
                   A       B       C       D       E      F
               +-------+-------+-------+-------+-------+----------------------
         Total | 100.0 | 100.0 |   N/A |   N/A | 100.0 |  36.5
       Dungeon | 100.0 | 100.0 |   N/A |   N/A | 100.0 |  36.5
               +-------+-------+-------+-------+-------+----------------------

Vault maps used:
D:1:      dpeg_arrival_line_fractal, lemuel_old_faithful
D:2:      grunt_temple_overflow_cloverleaf, lemuel_zombie_altar_yredelemnul
D:3:      grunt_gozag_breadcrumbs, elyvilon_altar_5, uniq_ijyb
D:4:      xom_teletrap_fun, uniq_natasha
D:5:      first_bread, kennysheep_generic_room_6
